Map: Acropolis LE

Players

Harstem - Winner!

  • Race: Protoss Protoss
  • League: Grandmaster
  • Spawn Location: 5:00

Lambo

  • Race: Zerg Zerg
  • League: Master
  • Spawn Location: 11:00

Event: QLASH StarCraft II Invitational 2 Offline Finals

VOD

Have the link to the VOD?

Description

Time

  • Played on: July 27, 2019, 1 p.m.
  • Length: 18:59

All games in this series

Show
View Real Time Build Order
Export as new Build Order

Harstem Protoss - Winner!

Build Orders: 1 Gate Expand, Oracle Opening 

Get SALT Encoding   

  12  0:00  Probe  
  13  0:12  Probe  
  14  0:20  Pylon  
  14  0:24  Probe  
  15  0:34  Probe  
  15  0:38  Gateway  
  15  0:42  Probe  
  16  0:48  Assimilator  
  17  0:54  Probe  
  18  1:06  Probe  
  19  1:18  Probe  
  20  1:26  Nexus  
  20  1:35  Cybernetics Core  
  20  1:37  Probe  
  21  1:47  Assimilator  
  21  1:49  Probe  
  21  1:51  Pylon  
  22  2:01  Probe  
  23  2:02  Adept  
  23  2:13  Probe  
  26  2:23  Adept  
  26  2:24  Stargate  
  26  2:25  Probe  
  27  2:34  Probe  
  29  2:37  Probe  
  29  2:42  Probe  
  31  2:49  Probe  
  33  2:51  Warp Gate  
  33  2:52  Probe, Stalker  
  36  3:01  Probe  
  36  3:04  Oracle, Probe  
  38  3:13  Probe  
  38  3:18  Probe  
  43  3:26  Probe, Pylon  
  44  3:30  Probe  
  44  3:31  Gateway  
  45  3:38  Probe  
  45  3:40  Oracle  
  46  3:44  Probe  
  47  3:50  Probe  
  47  3:51  Nexus  
  51  3:57  Probe  
  51  3:58  Pylon  
  51  3:59  Assimilator  
  51  4:02  Assimilator  
  52  4:06  Probe  
  53  4:12  Probe  
  53  4:13  Robotics Facility  
  53  4:15  Forge  
  54  4:18  Probe  
  54  4:24  Probe  
  56  4:30  Probe  
  57  4:36  Probe  
  58  4:42  Gateway x2, Probe  
  58  4:44  Probe  
  59  4:50  Pylon  
  59  4:52  Probe  
  60  4:53  Immortal  
  60  4:54  Probe  
  62  5:00  Protoss Ground Weapons Level 1  
  62  5:02  Probe, Phoenix  
  62  5:03  Probe  
  62  5:07  Probe  
  69  5:09  Pylon  
  69  5:12  Pylon  
  69  5:13  Sentry x2  
  75  5:14  Probe  
  75  5:15  Probe  
  75  5:19  Probe  
  75  5:21  Pylon  
  78  5:24  Immortal  
  78  5:26  Probe  
  84  5:35  Probe  
  84  5:37  Pylon  
  84  5:40  Robotics Bay  
  84  5:41  Probe, Robotics Facility  
  85  5:43  Probe  
  85  5:49  Probe  
  87  5:51  Stalker  
  87  5:55  Probe  
  90  5:57  Warp Prism, Twilight Council  
  90  5:58  Pylon  
  90  6:02  Probe x2  
  92  6:04  Assimilator  
  92  6:06  Assimilator  
  92  6:07  Probe  
  92  6:08  Gateway  
  95  6:14  Probe  
  95  6:17  Gateway  
  96  6:19  Probe  
  96  6:20  Probe, Pylon  
  96  6:23  Colossus  
  98  6:26  Colossus  
  98  6:28  Gateway  
  98  6:30  Gateway  
  98  6:35  Pylon  
  110  6:45  Zealot  
  110  6:46  Probe  
  113  6:48  Pylon  
  113  6:49  Protoss Ground Weapons Level 2  
  113  6:50  Stalker  
  115  6:56  Gateway  
  115  7:02  Extended Thermal Lance  
  115  7:06  Photon Cannon, Colossus  
  115  7:09  Zealot  
  115  7:10  Shield Battery  
  115  7:11  Pylon  
  121  7:25  Stalker x4  
  121  7:28  Pylon  
  127  7:37  Colossus  
  127  7:39  Photon Cannon  
  133  7:44  Stalker x2  
  133  7:47  Zealot x2  
  125  7:59  Pylon  
  125  8:01  Stalker x5  
  135  8:14  Stalker x4  
  135  8:15  Colossus  
  149  8:21  Twilight Council  
  149  8:22  Pylon  
  149  8:25  Pylon  
  147  8:47  Stalker x6  
  145  8:50  Blink  
  145  8:51  Stalker  
  141  9:02  Stalker x2  
  143  9:10  Zealot x5  
  143  9:11  Protoss Ground Weapons Level 3, Stalker  
  155  9:18  Probe  
  155  9:20  Pylon  
  156  9:27  Stalker x3  
  160  9:35  Pylon  
  160  9:37  Pylon  
  160  9:38  Pylon  
  144  9:50  Pylon  
  144  9:52  Pylon  
  144  9:56  Sentry x3  
  144  9:57  Zealot x5  
  140  10:33  Sentry  
  140  10:34  Nexus  
  142  10:36  Sentry x2, Stalker  
  142  10:37  Zealot x3  
  154  10:45  Dark Shrine  
  149  11:00  Stalker x4  
  122  11:25  Sentry  
  122  11:26  Stalker x4  
  122  11:27  Zealot x2  
  136  11:40  Observer  
  131  12:11  Stalker x5  
  139  12:23  Zealot x2  
  139  12:27  Probe  
  139  12:29  Probe  
  146  12:30  Probe  
  146  12:35  Pylon  
  146  12:36  Assimilator  
  147  12:40  Dark Templar x2  
  147  12:43  Assimilator  
  150  12:54  Nexus  
  118  13:07  Stalker x2  
  118  13:08  Stalker x3  
  104  13:28  Stalker x2  
  102  13:44  Sentry, Stalker x4  
  102  13:45  Probe x3  
  115  13:57  Probe x2  
  115  13:58  Dark Templar, Zealot, Probe  
  119  14:09  Probe  
  119  14:10  Probe x3  
  117  14:18  Stalker x5  
  117  14:21  Probe  
  117  14:22  Probe  
  120  14:25  Probe x2  
  119  14:32  Probe  
  119  14:33  Probe x2  
  119  14:37  Probe  
  122  14:40  Probe  
  123  14:45  Probe  
  123  14:46  Probe  
  123  14:51  Zealot x2, Sentry  
  127  15:10  Probe x2  
  127  15:14  Stalker  
  131  15:16  Probe  
  131  15:20  Probe  
  133  15:23  Zealot x4, Dark Templar x2  
  142  15:29  Charge  
  123  15:47  Dark Templar x2  
  123  15:48  Zealot x3  
  133  16:01  Stalker x2  
  131  16:12  Observer  
  132  16:22  Observer  
  131  16:42  Stalker x4  
  131  16:43  Stalker  
  109  17:04  Zealot x2  
  106  17:13  Zealot x5  
  82  17:40  Stalker x5  
  90  18:02  Sentry x2  
  90  18:03  Zealot  
  96  18:27  Zealot x2  
  96  18:28  Dark Templar  
  99  18:40  Dark Templar  
Show
View Real Time Build Order
Export as new Build Order

Lambo Zerg 

Build Orders: Hatch First, Swarm Host 

Get SALT Encoding   

  12  0:00  Drone  
  13  0:12  Overlord  
  13  0:17  Drone  
  14  0:30  Drone x2  
  16  0:47  Hatchery  
  15  0:51  Drone  
  15  0:54  Drone  
  17  0:58  Drone  
  18  1:08  Extractor  
  17  1:13  Spawning Pool  
  17  1:16  Drone  
  17  1:20  Drone  
  18  1:27  Drone  
  19  1:41  Drone  
  20  1:51  Overlord  
  20  1:59  Queen  
  22  2:02  Queen  
  22  2:03  Drone  
  22  2:04  Zergling x2  
  26  2:12  Drone x2  
  28  2:23  Drone  
  28  2:24  Drone  
  30  2:34  Hatchery  
  30  2:35  Drone, Pneumatized Carapace  
  30  2:42  Drone x2  
  32  2:49  Overlord  
  32  2:52  Queen  
  32  2:55  Zergling x2  
  35  3:01  Zergling x2  
  36  3:08  Zergling x2  
  37  3:15  Zergling x2  
  37  3:18  Drone x4  
  41  3:20  Metabolic Boost  
  41  3:25  Overlord  
  42  3:27  Drone  
  42  3:31  Queen, Extractor  
  44  3:36  Spore Crawler  
  43  3:43  Drone x2  
  43  3:47  Spore Crawler  
  43  3:48  Drone x3  
  47  3:56  Drone  
  47  3:59  Drone x3  
  47  4:00  Drone  
  47  4:01  Drone x2  
  54  4:04  Drone x2  
  56  4:11  Overlord  
  56  4:14  Spore Crawler, Overlord  
  56  4:16  Lair  
  55  4:18  Roach Warren  
  54  4:30  Drone x3  
  57  4:34  Drone x8  
  65  4:40  Zergling x2  
  66  4:54  Extractor  
  66  4:55  Extractor  
  66  4:56  Drone, Overlord  
  66  4:57  Drone x3  
  66  4:59  Drone x3  
  66  5:03  Drone  
  66  5:04  Drone  
  66  5:09  Evolution Chamber, Extractor  
  66  5:10  Drone x2  
  66  5:13  Overlord  
  66  5:16  Extractor  
  66  5:18  Extractor  
  66  5:19  Overlord  
  64  5:21  Drone  
  64  5:22  Drone x3  
  64  5:23  Drone x2  
  64  5:24  Glial Reconstitution  
  64  5:25  Drone x2  
  64  5:26  Drone  
  64  5:27  Hatchery, Queen  
  74  5:29  Overlord  
  74  5:31  Overseer  
  74  5:32  Drone  
  75  5:35  Zerg Missile Weapons Level 1  
  75  5:44  Queen  
  75  5:47  Roach x4  
  84  5:55  Drone x3  
  87  5:57  Roach  
  87  5:58  Roach x3  
  95  6:05  Overlord  
  95  6:06  Overlord  
  95  6:07  Overlord  
  95  6:09  Drone  
  95  6:10  Infestation Pit  
  97  6:11  Roach  
  97  6:14  Overlord  
  97  6:17  Overlord  
  97  6:22  Overlord x3  
  97  6:29  Overlord  
  97  6:34  Drone  
  98  6:41  Nydus Network  
  98  6:47  Roach x3  
  103  6:50  Swarm Host x7  
  122  7:00  Swarm Host x3  
  131  7:05  Swarm Host  
  131  7:08  Queen  
  134  7:10  Drone x4  
  134  7:11  Overlord  
  134  7:14  Swarm Host x2  
  146  7:17  Extractor  
  145  7:23  Swarm Host x2  
  145  7:28  Nydus Canal  
  150  7:36  Zerg Missile Weapons Level 2  
  150  7:38  Spore Crawler, Drone x2  
  150  7:43  Nydus Canal  
  151  7:50  Swarm Host x2  
  153  7:56  Roach x2, Zergling x28  
  161  8:01  Roach  
  163  8:06  Nydus Canal  
  163  8:09  Swarm Host  
  163  8:12  Overlord  
  166  8:14  Overlord  
  166  8:15  Extractor  
  166  8:16  Overlord  
  165  8:21  Nydus Canal  
  165  8:25  Baneling Nest  
  164  8:29  Ravager x2  
  164  8:30  Roach  
  164  8:34  Nydus Canal  
  168  8:37  Overlord  
  168  8:38  Roach x7  
  182  8:49  Roach  
  182  8:52  Hive  
  184  8:55  Spire  
  184  8:57  Overlord  
  184  9:02  Overlord  
  181  9:06  Overlord  
  181  9:09  Roach x2  
  183  9:11  Nydus Canal  
  183  9:23  Ravager x3  
  183  9:24  Ravager x3  
  186  9:29  Ravager  
  186  9:30  Ravager  
  188  9:31  Zergling x22  
  197  9:38  Roach  
  199  9:50  Centrifical Hooks  
  196  9:54  Baneling x9  
  196  9:55  Baneling x4, Zergling x8  
  196  9:59  Zergling x12  
  193  10:10  Zergling x20  
  200  10:18  Zergling x2  
  194  10:24  Roach x6  
  188  10:29  Roach  
  188  10:30  Roach x4  
  198  10:38  Baneling x15  
  198  10:39  Baneling  
  198  10:49  Baneling x5  
  183  11:23  Viper x3  
  183  11:25  Zergling x4  
  194  11:31  Baneling x4  
  194  11:36  Hatchery, Zergling x2  
  191  11:42  Zergling x6  
  191  11:53  Zergling x10  
  193  11:59  Zergling x8  
  191  12:09  Zergling x6  
  194  12:19  Roach x5  
  191  12:27  Greater Spire  
  191  12:34  Baneling x17  
  192  12:37  Ravager  
  192  12:38  Hatchery  
  192  12:39  Nydus Canal  
  191  12:45  Baneling x2  
  191  12:46  Baneling x5  
  191  12:47  Zergling x8  
  175  12:59  Zergling x6  
  175  13:00  Zergling x28  
  185  13:07  Zergling x4  
  185  13:10  Roach  
  183  13:14  Roach x2  
  164  13:25  Roach  
  137  13:28  Roach x3  
  137  13:32  Roach x3  
  130  13:36  Roach  
  130  13:40  Roach  
  131  13:47  Roach x3  
  134  13:50  Roach  
  134  13:53  Roach  
  130  13:58  Roach x2  
  134  14:03  Roach x2  
  134  14:04  Ravager x7, Zergling x2  
  134  14:09  Overseer x2  
  140  14:11  Roach  
  140  14:14  Zergling x4  
  140  14:16  Roach  
  143  14:20  Roach  
  143  14:23  Roach  
  131  14:25  Infestor  
  131  14:28  Zergling x10  
  136  14:33  Roach  
  136  14:37  Roach  
  137  14:38  Queen  
  137  14:39  Queen x3  
  137  14:44  Roach x3  
  152  14:45  Ravager  
  152  14:55  Baneling  
  152  14:57  Roach  
  152  14:58  Roach x4  
  161  15:04  Roach x2  
  156  15:14  Roach x6  
  156  15:19  Zergling x6  
  156  15:20  Ravager  
  156  15:21  Ravager  
  170  15:26  Zergling x4  
  172  15:28  Baneling x3  
  170  15:37  Zergling x6  
  171  15:47  Overseer  
  167  15:50  Zergling x6  
  167  16:02  Ravager  
  167  16:03  Ravager  
  165  16:04  Hatchery  
  165  16:10  Overlord  
  148  16:24  Baneling x9  
  147  16:28  Zergling x10  
  152  16:37  Zergling x2  
  151  16:44  Roach x2  
  146  16:54  Overseer  
  142  17:05  Roach x3  
  140  17:11  Roach  
  140  17:12  Roach  
  134  17:19  Roach  
  129  17:29  Roach x2  
  110  17:42  Roach x2  
  112  17:51  Roach  
  103  18:01  Roach x2  
  107  18:08  Ravager  
  107  18:09  Ravager x3  
  111  18:16  Roach x3  
  117  18:25  Zergling x10  
  108  18:37  Roach x3  
Tags
 
Add a new tag
Caveats
  • Supply blocks, unpowered buildings, or Contaminate may cause inaccurate times.
  • Supply counts are checked every 10 seconds.